 Dungeon Crawl Stone Soup version 0.25-a0-100-g33052ce (webtiles) character file.

Game seed: 4601494693835734271, levelgen mode: deterministic

21 xanillum the Skirmisher (level 2, 0/25 (27) HPs)
             Began as a Ghoul Monk on Nov 14, 2019.
             Slain by an adder (2 damage)
             ... on level 2 of the Dungeon.
             The game lasted 00:09:02 (1066 turns).

xanillum the Skirmisher (Ghoul Monk)                Turns: 1066, Time: 00:09:02

HP:   0/25 (27)     AC:  3    Str: 14    XL:     2   Next: 83%
MP:   1/1           EV: 12    Int:  5    God:
Gold: 47            SH:  3    Dex: 11    Spells: 1/1 levels left

rFire    . . .     SeeInvis +     - Unarmed
rCold    + . .     Gourm    .   g - +0 buckler
rNeg     + + +     Faith    .   a - +1 robe
rPois    ∞         Spirit   .   (no helmet)
rElec    .         Reflect  .   (no cloak)
rCorr    .         Harm     .   (no gloves)
MR       .....                  (no boots)
Stlth    ++........             (no amulet)
HPRegen  0.00/turn              d - ring of see invisible
MPRegen  0.07/turn              (no ring)

@: very slightly contaminated, rotting
A: rotting body, claws 1, carnivore, cold resistance 1, negative energy
resistance 3, inhibited regeneration, torment resistance, unbreathing
a: no special abilities


You were on level 2 of the Dungeon.
You were not hungry.

You visited 1 branch of the dungeon, and saw 2 of its levels.

You collected 47 gold pieces.

Inventory:

Armour
 a - a +1 robe (worn)
 g - a +0 buckler (worn)
Jewellery
 d - a ring of see invisible (left claw)
Scrolls
 c - 4 scrolls of identify
Potions
 e - a potion of flight
Comestibles
 b - 3 rations


   Skills:
 + Level 3.7 Fighting
 + Level 2.9 Dodging
 + Level 2.2 Stealth
 + Level 3.7 Unarmed Combat


You had one spell level left.
You didn't know any spells.
Your spell library was empty.

Dungeon Overview and Level Annotations

Branches:
Dungeon (1/15)

Altars:


Innate Abilities, Weirdness & Mutations

Your body is rotting away.
You thrive on raw meat.
You are immune to poison.
You have sharp fingernails.
You are carnivorous and can eat meat at any time.
Your flesh is cold resistant. (rC+)
You are immune to negative energy. (rN+++)
You do not regenerate when monsters are visible.
You are immune to unholy pain and torment.
You can survive without breathing.


Message History

The adder is lightly wounded.
The adder bites you.
You closely miss the adder.
The adder is lightly wounded.
The adder misses you.
You claw the adder!
The adder is almost dead.
The adder bites you but does no damage. The adder bites you.
* * * LOW HITPOINT WARNING * * *
You scratch the adder but do no damage.
The adder is almost dead.
The adder bites you.
* * * LOW HITPOINT WARNING * * *
You closely miss the adder.
The adder is almost dead.
The adder misses you.
You miss the adder.
The adder is almost dead.
The adder bites you.
You die...

#.# .. #.# #. #.# #.
##.# #.######
#..##### ......#
#....... ##.###.#
#.###...
####S..##.###.###...
+..@................
####...##.###.####..
##.###.# #.# ### #.#
#.. #.# #### #.# #.#
...


You could see an adder.

Vanquished Creatures
  2 dart slugs (D:1)
  3 goblins (D:1)
  A hobgoblin (D:1)
  4 kobolds (D:1)
  2 bats (D:1)
  3 frilled lizards (D:1)
  A rat (D:2)
16 creatures vanquished.

Notes
Turn   | Place    | Note
-------+----------+-------------------------------------------
     0 | D:1      | xanillum the Ghoul Monk began the quest for the Orb.
     0 | D:1      | Reached XP level 1. HP: 19/19 MP: 0/0
   264 | D:1      | Reached XP level 2. HP: 17/24 MP: 1/1
  1028 | D:1      | You fall into a shaft and drop 1 floor!
  1066 | D:2      | Slain by an adder

Levels and vault maps discovered:
D:1:      psy_arrival_conway, layout_basic
D:2:      layout_loops_corners, grunt_ministairs_14

Action                   || total
-------------------------++-------
Melee: Unarmed           ||    96
       Punch             ||     1
  Use: Scroll            ||     6
       Potion            ||     2
 Stab: Sleeping          ||     2
  Eat: Chunk             ||    12
Armor: Robe              ||    19
Dodge: Dodged            ||    59
Block: Buckler           ||     7

Table legend:
 A = Non-vault XP
 B = Vault XP
 C = Vault XP percentage of total XP
 D = Non-vault monster count
 E = Vault monster count
 F = Vault count percentage of total count
                 A         B        C        D         E       F
            +---------+---------+-------+---------+---------+-------
      Total |      30 |       0 |   0.0 |      16 |       0 |   0.0
            +---------+---------+-------+---------+---------+-------
        D:1 |      29 |       0 |   0.0 |      15 |       0 |   0.0
        D:2 |       1 |       0 |   0.0 |       1 |       0 |   0.0
            +---------+---------+-------+---------+---------+-------
